 Dungeon Crawl Stone Soup version 0.28.0-45-g0d030f2227 (webtiles) character file.

Game seed: 17970863787374024639

17119 Labrat the Thaumaturge (level 11, -6/86 HPs)
             Began as a Demigod Conjurer on Apr 7, 2022.
             Mangled by a large abomination (25 damage)
             ... on level 2 of the Abyss on Apr 8, 2022.
             The game lasted 00:48:47 (16792 turns).

Labrat the Thaumaturge (Demigod Conjurer)          Turns: 16792, Time: 00:48:48

Health: -6/86      AC:  7    Str:  8    XL:     11   Next: 88%
Magic:  4/40       EV: 13    Int: 32    God:
Gold:   1157       SH:  3    Dex: 12    Spells: 17/33 levels left

rFire   + + .      SeeInvis .   e - +2 dagger (speed)
rCold   x . .      Faith    .   L - +0 buckler
rNeg    . . .      Spirit   .   U - +2 robe {rF+}
rPois   .          Reflect  .   (no helmet)
rElec   .          Harm     .   (no cloak)
rCorr   .          Rampage  .   H - +0 pair of gloves
Will    +....                   I - +1 pair of boots
Stlth   ++........              (no amulet)
HPRegen 0.00/turn               s - ring of fire
MPRegen 0.27/turn               m - ring of magical power

@: sick
A: high MP 1, forlorn, divine attributes
a: no special abilities


You were on level 2 of the Abyss.
You visited 2 branches of the dungeon, and saw 12 of its levels.
You visited the Abyss 1 time.
You also visited: Ossuary and Volcano.

You collected 1157 gold pieces.

Inventory:

Hand Weapons
 a - a +2 morningstar of holy wrath
 e - a +2 dagger of speed (weapon)
Missiles
 b - 13 poisoned darts
 c - a throwing net
 F - 2 curare-tipped darts
 N - 3 javelins
Armour
 H - a +0 pair of gloves (worn)
 I - a +1 pair of boots (worn)
 L - a +0 buckler (worn)
 R - +0 steam dragon scales
 U - a +2 robe of fire resistance (worn)
Jewellery
 l - a ring of protection from cold
 m - a ring of magical power (right hand)
 s - a ring of fire (left hand)
 w - a ring of resist corrosion
 P - a +4 ring of slaying
 Q - a ring of wizardry
Wands
 k - a wand of flame (17)
 z - a wand of charming (10)
 K - a wand of acid (10)
 M - a wand of iceblast (2)
 T - a wand of polymorph (3)
Scrolls
 d - a scroll of silence {unknown}
 f - 2 scrolls of fear
 g - a scroll of teleportation {unknown}
 i - 4 scrolls of fog
 x - 2 scrolls of blinking {unknown}
 y - 2 scrolls of noise
 A - 6 scrolls of enchant weapon {unknown}
 B - 2 scrolls of magic mapping
 C - a scroll of torment {unknown}
 D - a scroll of amnesia {unknown}
 J - 2 scrolls of identify
 O - 2 scrolls of enchant armour {unknown}
 S - a scroll of summoning {unknown}
Potions
 h - 2 potions of magic {unknown}
 j - 4 potions of brilliance {unknown}
 n - 4 potions of mutation
 o - 6 potions of lignification
 p - 3 potions of attraction
 q - 9 potions of curing
 r - 3 potions of haste {unknown}
 t - 2 potions of might {unknown}
 u - 3 potions of resistance {unknown}
 v - a potion of invisibility
 E - 4 potions of ambrosia {unknown}
 G - 2 potions of heal wounds {unknown}


   Skills:
 - Level 5.0 Fighting
 - Level 5.0 Dodging
 - Level 1.7 Stealth
 + Level 11.7 Spellcasting
 - Level 8.0 Conjurations
 - Level 2.0 Translocations
 + Level 6.6 Earth Magic
 - Level 3.0 Poison Magic
 - Level 5.0 Evocations


You had 17 spell levels left.
You knew the following spells:

 Your Spells              Type           Power      Damage    Failure   Level
a - Magic Dart            Conj           100%       1d8       1%          1
b - Searing Ray           Conj           100%       2d8       1%          2
c - Iskenderun's Mystic   Conj/Tloc      50%        2d11      4%          4
d - Olgreb's Toxic Radia  Pois           37%        N/A       10%         4
e - Borgnjor's Vile Clut  Necr/Erth      19%        N/A       26%         5

Your spell library contained the following spells:

 Spells                   Type           Power      Damage    Failure   Level
 Sting                    Tmut/Pois      100%       1d8       1%          1
 Dazzling Flash           Conj/Hex       88%        N/A       1%          3
 Poisonous Vapours        Pois/Air       56%        N/A       2%          2
 Freeze                   Ice            72%        1d9       3%          1
 Sublimation of Blood     Necr           18%        N/A       5%          2
 Fulminant Prism          Conj/Hex       22%        3d13      7%          4
 Hailstorm                Conj/Ice       44%        3d10      7%          4
 Petrify                  Tmut/Erth      39%        N/A       9%          4
 Frozen Ramparts          Ice            36%        1d5       11%         3
 Passage of Golubria      Tloc           31%        N/A       16%         4
 Irradiate                Conj/Tmut      22%        3d21      19%         5
 Alistair's Intoxication  Tmut/Pois      18%        N/A       45%         5
 Silence                  Hex/Air        9%         N/A       67%         5
 Eringya's Noxious Bog    Tmut/Pois      14%        N/A       96%         6
 Lehudib's Crystal Spear  Conj/Erth      30%        10d8      100%        8


Dungeon Overview and Level Annotations

Branches:
Dungeon (10/15)            Temple (0/1) D:6            Lair (2/6) D:8
 Shoals (0/4) Lair:2        Snake (0/4) Lair:2          Orc (0/2) D:10
Ossuary (visited)         Volcano (visited)

Shops:
D:10 (

Annotations:
Lair:1 Harold


Innate Abilities, Weirdness & Mutations

You have an increased reservoir of magic. (+10% MP)
You shall have no god before yourself.
Your divine heritage dramatically boosts your attributes as you level up.


Message History

You destroy the small abomination!
That felt strangely unrewarding.
Unknown command.
Casting: Iskenderun's Mystic Blast (dangerous; 4% risk of failure)
Confirm with . or Enter, or press ? or * to list all spells.
Aiming: Searing Ray (safe; 1% risk of failure)
Press: ? - help, Shift-Dir - straight line, f - large abomination
Aim: a large abomination (heavily damaged, 92% to hit)
The searing ray hits the large abomination!
The large abomination is severely damaged. (Press . to maintain the ray.) Unknown command.
The searing ray hits the large abomination.
The large abomination is almost destroyed.
The large abomination hits you!
* * * LOW HITPOINT WARNING * * *
The searing ray hits the large abomination but does no damage.
The large abomination is almost destroyed.
The large abomination hits you but does no damage.
Unknown command.
Casting: Searing Ray (safe; 1% risk of failure)
Confirm with . or Enter, or press ? or * to list all spells.
You erupt in a blast of force!
The mystic blast hits the large abomination but does no damage.
The large abomination is almost destroyed.
You block the large abomination's attack.
Unknown command.
Casting: Iskenderun's Mystic Blast (dangerous; 4% risk of failure)
Confirm with . or Enter, or press ? or * to list all spells.
You erupt in a blast of force!
The mystic blast hits the large abomination.
The large abomination is almost destroyed.
Unknown command.
Casting: Iskenderun's Mystic Blast (dangerous; 4% risk of failure)
Confirm with . or Enter, or press ? or * to list all spells.
You erupt in a blast of force!
The mystic blast hits the large abomination but does no damage.
The large abomination is almost destroyed.
The large abomination hits you!!
You die...

.≈≈
#│.## ##
#.≈
##...# #
≈.#
##..###
≈## ##
#...#
#....#..
####.###
# #..##
.# ##X#
. #@#.#
####.#
3. ##.
.. #


You could see a large abomination.

Vanquished Creatures
  Fannar (Lair:1)
  4 two-headed ogres (D:9)
  Sonja (Lair:1)
  A wizard (Volcano)
  An ugly thing (D:9)
  2 toenail golems (Volcano)
  The ghost of Peloso the Slasher, a novice MiFi of Okawaru (D:5)
  A smoke demon (Abyss:2)
  2 komodo dragons
  A polar bear (Lair:1)
  3 trolls
  A raiju (Abyss:2)
  A blink frog (shapeshifter) (D:8)
  A hornet (D:8)
  A slime creature (D:9)
  4 blink frogs
  Sigmund (D:2)
  A shadow (D:7)
  3 wyverns
  11 yaks
  A black mamba zombie (Abyss:2)
  A chaos spawn (Abyss:2)
  A steam dragon (D:9)
  An acid dragon (D:9)
  5 water moccasins
  2 hell hounds (Lair:2)
  A black bear (D:8)
  4 orc warriors
  2 ice beasts
  A sky beast (D:7)
  7 centaurs
  The ghost of spacerossing the Ducker, an amateur GnGl (D:3)
  6 wolves
  3 ogres (D:5)
  A small abomination (Abyss:2)
  A phantom (D:5)
  A kobold brigand (D:7)
  8 bullfrogs
  A gnoll sergeant (D:9)
  A scorpion (D:8)
  4 water moccasin zombies (Ossuary)
  5 killer bees
  8 wights
  7 howler monkeys
  A bullfrog zombie (D:6)
  4 centaur zombies
  3 hounds
  3 gnoll shamans
  9 orc priests
  2 centaur skeletons (D:7)
  5 iguanas
  Natasha (thrice) (D:2)
  10 orc wizards
  2 mummies (Ossuary)
  2 howler monkey zombies (D:9)
  7 adders
  11 gnolls
  3 shadow imps
  An adder skeleton (D:5)
  6 adder zombies (Ossuary)
  2 worms (D:4)
  33 orcs
  4 endoplasms
  3 giant cockroaches
  6 gnoll zombies (Ossuary)
  7 goblins
  5 hobgoblins
  5 jackals
  2 quokkas
  4 ball pythons
  2 bats
  2 frilled lizards (D:1)
  A goblin zombie (D:4)
  5 hobgoblin zombies (Ossuary)
  9 kobolds
  5 kobold zombies (Ossuary)
  3 orc zombies (Ossuary)
  A quokka zombie (D:4)
  7 rats
293 creatures vanquished.

Vanquished Creatures (others)
  A yak (D:9)
  14 fungi
  27 plants
  8 starspawn tentacles (Abyss:2)
  10 toadstools (Lair:2)
60 creatures vanquished.

Grand Total: 353 creatures vanquished

Notes
Turn   | Place    | Note
-------+----------+-------------------------------------------
     0 | D:1      | Labrat the Demigod Conjurer began the quest for the Orb.
     0 | D:1      | Reached XP level 1. HP: 14/14 MP: 5/5
   183 | D:1      | Reached skill level 2 in Spellcasting
   420 | D:1      | Reached XP level 2. HP: 20/20 MP: 5/7
   912 | D:2      | Learned a level 2 spell: Searing Ray
  1087 | D:2      | Reached XP level 3. HP: 26/26 MP: 4/9
  1539 | D:2      | Noticed Natasha
  1592 | D:2      | Killed Natasha
  1593 | D:2      | Reached skill level 3 in Spellcasting
  1593 | D:2      | Reached XP level 4. HP: 31/33 MP: 3/11
  2125 | D:2      | Noticed Natasha
  2138 | D:2      | Killed Natasha
  2187 | D:2      | Noticed Natasha
  2191 | D:2      | Killed Natasha
  2192 | D:2      | Reached XP level 5. HP: 33/38 MP: 13/13
  2265 | D:2      | Noticed Sigmund
  2435 | D:2      | Killed Sigmund
  2436 | D:2      | Reached skill level 4 in Spellcasting
  2436 | D:2      | Reached skill level 5 in Conjurations
  2436 | D:2      | Reached XP level 6. HP: 19/45 MP: 16/16
  3117 | D:3      | Identified the +1 pair of boots "Weofarol" {Int-2 Dex+3}
  3199 | D:3      | You fall into a shaft and drop 1 floor!
  3274 | D:4      | Reached skill level 5 in Spellcasting
  3372 | D:4      | Found a sand-covered staircase.
  3404 | Ossuary  | Entered an ossuary
  3430 | Ossuary  | Reached skill level 1 in Fighting
  3442 | Ossuary  | Learned a level 4 spell: Iskenderun's Mystic Blast
  3715 | Ossuary  | Reached XP level 7. HP: 50/55 MP: 16/17
  3997 | D:3      | Found a runed translucent door.
  3999 | D:3      | Noticed spacerossing's ghost (amateur GnGl)
  4422 | D:4      | Found a transporter.
  4442 | D:4      | Found a transporter.
  5127 | D:5      | Entered Level 5 of the Dungeon
  5263 | D:5      | Found a runed translucent door.
  5264 | D:5      | Noticed Peloso's ghost (novice MiFi)
  5769 | D:5      | Reached XP level 8. HP: 67/67 MP: 19/19
  5940 | D:5      | Reached skill level 5 in Dodging
  6579 | D:6      | Reached skill level 5 in Fighting
  7443 | D:6      | Found a staircase to the Ecumenical Temple.
  7682 | D:6      | Reached skill level 6 in Spellcasting
  8663 | D:7      | Reached XP level 9. HP: 61/74 MP: 20/22
  8958 | D:7      | Reached skill level 7 in Spellcasting
  9256 | D:7      | Reached skill level 1 in Translocations
  9590 | D:8      | Noticed a cyclops
 10228 | D:8      | Found a staircase to the Lair.
 10236 | D:8      | Reached skill level 8 in Spellcasting
 10617 | D:3      | Killed spacerossing's ghost
 10893 | D:5      | Killed Peloso's ghost
 10894 | D:5      | Reached XP level 10. HP: 81/81 MP: 13/27
 11066 | D:9      | Noticed a white ugly thing
 11083 | D:9      | Killed a white ugly thing
 11084 | D:9      | Reached skill level 9 in Spellcasting
 11423 | D:9      | Noticed a two-headed ogre
 11759 | D:9      | Killed a two-headed ogre
 11760 | D:9      | Reached skill level 10 in Spellcasting
 11766 | D:9      | Learned a level 4 spell: Olgreb's Toxic Radiance
 12081 | D:9      | Reached skill level 1 in Poison Magic
 12654 | D:9      | Noticed a two-headed ogre
 12663 | D:9      | Noticed a two-headed ogre
 12674 | D:9      | Killed a two-headed ogre
 12746 | D:9      | Reached skill level 5 in Evocations
 12752 | D:9      | Learned a level 5 spell: Borgnjor's Vile Clutch
 12832 | D:9      | Reached skill level 1 in Earth Magic
 13236 | D:9      | Noticed a two-headed ogre
 13269 | D:9      | Killed a two-headed ogre
 13270 | D:9      | Reached XP level 11. HP: 21/86 MP: 26/29
 13807 | D:9      | Killed a two-headed ogre
 13913 | D:10     | Entered Level 10 of the Dungeon
 13913 | D:10     | Found Xima's Weapon Emporium.
 14624 | D:10     | Found a staircase to the Orcish Mines.
 14750 | Lair:1   | Entered Level 1 of the Lair of Beasts
 15004 | Lair:1   | Noticed Harold
 15239 | Lair:1   | Noticed Fannar
 15272 | Lair:1   | Killed Fannar
 15273 | Lair:1   | Reached skill level 11 in Spellcasting
 15273 | Lair:1   | Reached skill level 5 in Earth Magic
 15572 | Lair:1   | Noticed Sonja
 15580 | Lair:1   | Killed Sonja
 16392 | Lair:2   | Found a dark tunnel.
 16536 | Volcano  | Entered a volcano
 16538 | Volcano  | Noticed a wizard
 16548 | Volcano  | Killed a wizard
 16603 | Volcano  | Noticed a wizard
 16604 | Volcano  | Cast into level 2 of the Abyss (a wizard)
 16637 | Abyss:2  | Noticed a tentacled starspawn
 16673 | Abyss:2  | Noticed a thrashing horror
 16693 | Abyss:2  | Noticed a bone dragon
 16760 | Abyss:2  | Noticed a spatial maelstrom
 16771 | Abyss:2  | Noticed a tentacled starspawn
 16782 | Abyss:2  | Noticed a sixfirhy
 16792 | Abyss:2  | Mangled by a large abomination

Illustrated notes

Levels and vault maps discovered:
D:1:      amcnicky_arrival_abandoned_market, layout_basic,
          minmay_misc_feat_rows, minmay_misc_feat_ornament
D:2:      layout_basic, shapermc_ecumenical_altar_venn, basic_altar,
          uniq_sigmund, uniq_natasha
D:3:      layout_loops_ring, bloody_makhleb, ebering_ghost_inner_flame,
          kennysheep_small_spiral, nrook_loot_triangle
D:4:      gammafunk_wand_slinger, layout_gridville, enter_ossuary_4
D:5:      layout_layer_cave, mainiacjoe_overflow_alcove_4,
          ebering_ghost_reflecting_pool
D:6:      layout_basic, minmay_temple_entry_large_hall
D:7:      layout_loops_corners, mainiacjoe_overflow_tiny_flanked,
          fedhas_ov_isle_minmay, kennysheep_generic_room_2
D:8:      layout_cave_pools, chequers_temple_overflow_minitemple,
          grunt_lair_entry_orc_guard_hut, grunt_ministairs_5
D:9:      minmay_imperfect_grid, layout_irregular_city,
          ebering_dispersal_statue_hall
D:10:     layout_basic, david_orc_2, minmay_misc_feat_columns,
          nicolae_stop_n_shop_2
Lair:1:   layout_roguey, basic_altar, st_stairs_8, infiniplex_staircase_pool,
          grunt_megastairs_1, uniq_sonja, uniq_harold, uniq_fannar
Lair:2:   gammafunk_lair_enchanted_lake, layout_loops_ring,
          elwin_shoals_entry_stream, enter_volcano_3,
          grunt_forest_large_clearings
Abyss:2:  base: D:12, hangedman_decor_lopped
Volcano:  volcano_bunker

Skill      XL: |  1  2  3  4  5  6  7  8  9 10 11 |
---------------+----------------------------------+-----
Spellcasting   | 2 3 4 5 6 8 10 11 | 11.7
Conjurations   | 4 5 6 8 |  8.0
Fighting       | 2 4 5 |  5.0
Dodging        | 3 4 5 |  5.0
Translocations | 2 |  2.0
Evocations     | 5 |  5.0
Poison Magic   | 2 3 |  3.0
Earth Magic    | 2 6 |  6.6
Stealth        | |  1.7

Action                   |  1- 3 |  4- 6 |  7- 9 | 10-12 || total
-------------------------+-------+-------+-------+-------++-------
Melee: Dagger            |       |     2 |    14 |    13 ||    29
Throw: Dart              |       |     1 |       |     8 ||     9
 Cast: Magic Dart        |    48 |    40 |   127 |    52 ||   267
       Searing Ray       |     5 |    21 |    81 |    83 ||   190
       Iskenderun's Myst |       |       |    24 |    76 ||   100
       Olgreb's Toxic Ra |       |       |       |     5 ||     5
Evoke: Wand              |       |       |       |     4 ||     4
  Use: Scroll            |       |       |     7 |     3 ||    10
Armor: Robe              |       |     5 |    18 |    18 ||    41
       Steam dragon scal |       |       |       |    28 ||    28
Dodge: Dodged            |     6 |    19 |    98 |    94 ||   217
Block: Buckler           |       |       |       |    19 ||    19
